 Dungeon Crawl Stone Soup version 0.23.2 (webtiles) character file.

Game seed: 7196418193190120384

14550 Borgoz the Slicer (level 12, -4/75 HPs)
             Began as a Gargoyle Gladiator on Apr 8, 2019.
             Was an Initiate of Ashenzari.
             Slain by a freezing wraith (11 damage)
             ... on level 10 of the Dungeon.
             The game lasted 00:23:56 (10586 turns).

Borgoz the Slicer (Gargoyle Gladiator)             Turns: 10586, Time: 00:23:57

Health: -4/75      AC: 21    Str: 19    XL:     12   Next: 17%
Magic:  13/13      EV: 15    Int:  9    God:    Ashenzari [......]
Gold:   1067       SH:  0    Dex: 15    Spells: 11/12 levels left

rFire    + . .     SeeInvis +   X - +9 rapier of Atod {pierce, +Rage rC+ rN+} (curse)
rCold    + . .     Gourm    .   (no shield)
rNeg     + + .     Faith    .   U - +3 scale mail {rF+}
rPois    ∞         Spirit   .   c - +0 helmet
rElec    +         Reflect  .   g - +0 cloak
rCorr    .         Harm     .   t - +0 pair of gloves
MR       .....                  e - +0 pair of boots
Stlth    +++.......             (no amulet)
HPRegen  0.22/turn              o - ring of see invisible
MPRegen  0.13/turn              B - +2 ring of slaying

@: corroded, slowed, very slow
A: negative energy resistance 1, electricity resistance, unbreathing,
petrification resistance, rot immunity, AC +8
a: Curse Item, Renounce Religion, Evoke Berserk Rage


You were on level 10 of the Dungeon.
You worshipped Ashenzari.
Ashenzari was noncommittal.
You were not hungry.

You visited 3 branches of the dungeon, and saw 14 of its levels.

You collected 1067 gold pieces.

Inventory:

Hand Weapons
 y - a +0 rapier
 T - the +1 dire flail "Utoubitt" {freeze, rElec rPois Int+4}
   (You found it on level 9 of the Dungeon)

   It has been specially enchanted to freeze those struck by it, causing extra
   injury to most foes and up to half again as much damage against particularly
   susceptible opponents.
   It can also slow down cold-blooded creatures.
   It affects your intelligence (+4).
   It insulates you from electricity.
   It protects you from poison.
 X - the cursed +9 rapier of Atod (weapon) {pierce, +Rage rC+ rN+}
   (You found it on level 9 of the Dungeon)

   It inflicts extra damage upon your enemies.
   It protects you from cold.
   It protects you from negative energy.
   It lets you go berserk.
   It has a curse placed upon it.
 Y - a +4 short sword of venom
Missiles
 d - 4 throwing nets (quivered)
 A - 20 javelins
 D - 49 tomahawks
Armour
 c - a +0 helmet (worn)
 e - a +0 pair of boots (worn)
 g - a +0 cloak (worn)
 k - a +0 troll leather armour
 t - a +0 pair of gloves (worn)
 S - +0 acid dragon scales
 U - a +3 scale mail of fire resistance (worn)
 V - a +0 plate armour of cold resistance
Jewellery
 o - a ring of see invisible (left hand)
 p - an uncursed ring of stealth
 q - an uncursed ring of wizardry
 s - an uncursed ring of protection from magic
 x - an uncursed ring of stealth
 B - a +2 ring of slaying (right hand)
 I - a +4 ring of intelligence
 K - an uncursed ring of flight
 Z - a +2 ring of strength
Wands
 n - a wand of acid (7)
 H - a wand of digging (6)
 J - a wand of flame (20)
 L - a wand of clouds (3)
 N - a wand of random effects (25)
Scrolls
 b - a scroll of identify
 i - 5 scrolls of remove curse
 j - 6 scrolls of amnesia
 l - 4 scrolls of magic mapping {unknown}
 m - 3 scrolls of enchant armour {unknown}
 E - 4 scrolls of teleportation {unknown}
 F - 2 scrolls of blinking {unknown}
 G - 2 scrolls of enchant weapon {unknown}
 O - 2 scrolls of noise {unknown}
 P - 2 scrolls of fear {unknown}
 Q - a scroll of random uselessness {unknown}
Potions
 h - 2 potions of curing
 r - 2 potions of flight
 u - a potion of resistance {unknown}
 v - a potion of might {unknown}
 w - 4 potions of haste
 z - 3 potions of agility
 C - 5 potions of mutation
 M - a potion of heal wounds {unknown}
 R - a potion of ambrosia {unknown}
Miscellaneous
 W - a box of beasts
Comestibles
 a - 3 chunks of flesh
 f - 26 rations


   Skills:
 + Level 8.3 Fighting
 * Level 9.9 Short Blades
 - Level 1.7 Throwing
 + Level 7.9 Armour
 * Level 9.1 Dodging
 + Level 8.7 Stealth
 + Level 0.9 Spellcasting
 + Level 1.0 Hexes
 + Level 0.9 Evocations


You had 11 spell levels left.
You knew the following spells:

 Your Spells              Type           Power        Failure   Level  Hunger
a - Confusing Touch       Hex            #.....       54%         1    ##.....

Your spell library contained the following spells:

 Spells                   Type           Power        Failure   Level  Hunger
 Corona                   Hex            #......      54%         1    ##.....
 Shock                    Conj/Air       #...         69%         1    ##.....
 Ensorcelled Hibernation  Hex/Ice        #.....       75%         2    ###....
 Swiftness                Chrm/Air       #.......     83%         2    ###....
 Confuse                  Hex            #.......     88%         3    ####...
 Tukima's Dance           Hex            #.......     88%         3    ####...
 Dazzling Spray           Conj/Hex       #.....       93%         3    ####...
 Gell's Gravitas          Tloc           #.........   96%         3    ####...
 Static Discharge         Conj/Air       #.......     96%         3    ####...
 Airstrike                Air            #.........   100%        4    #####..
 Petrify                  Tmut/Erth      #.......     100%        4    #####..
 Lightning Bolt           Conj/Air       #.........   100%        5    ######.
 Metabolic Englaciation   Hex/Ice        #.........   100%        5    ######.
 Yara's Violent Unravell  Hex/Tmut       #.........   100%        5    ######.


Dungeon Overview and Level Annotations

Branches:
Dungeon (11/15)            Temple (1/1) D:6            Lair (0/6) D:10
    Orc (2/2) D:9             Elf (0/3) Orc:2

Altars:
Ashenzari
Cheibriados
Dithmenos
Elyvilon
Fedhas
Gozag
Hepliaklqana
Kikubaaqudgha
Makhleb
Nemelex Xobeh
Okawaru
Qazlal
Ru
Sif Muna
Trog
Uskayaw
Vehumet
Wu Jian
Xom
Yredelemnul
Zin
The Shining One
Lugonu

Shops:
D:10 *   Orc:2 [[


Innate Abilities, Weirdness & Mutations

You are resistant to torment.
Your stone body is resilient. (AC +8)
You are immune to poison.
You resist negative energy. (rN+)
You are resistant to electric shocks. (rElec)
You can survive without breathing.
You are immune to petrification.
You are immune to rotting.


Message History

The freezing wraith closely misses you.
The freezing wraith hits you but does no damage.
You puncture the freezing wraith!
The freezing wraith is heavily damaged.
You hit the freezing wraith but do no damage.
The freezing wraith is heavily damaged.
The freezing wraith hits you.
* * * LOW HITPOINT WARNING * * *
The freezing wraith freezes you! You resist.
* * * LOW HITPOINT WARNING * * *
The freezing wraith hits you.
* * * LOW HITPOINT WARNING * * *
The freezing wraith drains your vigour!
You feel yourself slow down.
You feel better. The freezing wraith closely misses you.
The freezing wraith hits you!
* * * LOW HITPOINT WARNING * * *
The freezing wraith hits you.
* * * LOW HITPOINT WARNING * * *
The freezing wraith freezes you! You resist.
You die...

...P.....# #...####.#
......#..# #...#....#
.....##..# #...#....#
[..### .. ## #...#....#
.### #.## #...#....#
........ +..## #...##'###
####.... #...# #.........
.. ##W########.........
#..@.†....#.........
###..†....'.........
.......####....#.........
..........######.........
.........................
..
#.................######
.. #...^.............# ..
#.................# ..
#........# #.....#


You could see a freezing wraith.

Vanquished Creatures
  The ghost of Killmatronix the Carver, a journeyman MfWn of the Shining One (D:9)
  A two-headed ogre (D:10)
  An unseen horror (D:9)
  Pikel (D:8)
  An orc knight (D:9)
  3 ugly things
  Joseph (D:8)
  2 trolls (D:9)
  A hornet (D:11)
  2 hippogriffs
  A spriggan (D:8)
  2 shadows (D:9)
  A yak (shapeshifter) (D:9)
  2 yaks
  2 wyverns
  An acid dragon (D:10)
  A water moccasin (D:6)
  A water moccasin (shapeshifter) (D:9)
  4 slaves
  15 orc warriors
  3 ice beasts
  3 sky beasts
  A black bear (D:9)
  2 phantoms
  13 ogres
  4 centaurs
  3 crocodiles
  5 big kobolds (D:9)
  2 gnoll sergeants
  4 bullfrogs
  2 water moccasin zombies
  3 scorpions
  8 killer bees
  5 howler monkeys
  6 crimson imps
  2 centaur zombies
  2 quasits
  A bullfrog skeleton (D:7)
  2 jellies
  10 orc priests
  6 hounds
  Crazy Yiuf (D:6)
  13 orc wizards
  A centaur skeleton (D:4)
  6 iguanas
  8 worker ants
  A hound skeleton (D:4)
  A worker ant zombie (D:9)
  24 gnolls
  8 adders
  A shadow imp (D:5)
  An adder zombie (D:9)
  4 oozes
  An adder skeleton (D:8)
  2 worms
  5 leopard geckos
  53 orcs
  7 bats
  5 giant cockroaches
  5 goblins
  12 hobgoblins
  4 jackals
  5 kobolds
  3 quokkas
  A ball python (D:3)
  3 frilled lizards
  A jackal skeleton (D:5)
  A jackal zombie (D:9)
  A leopard gecko zombie (D:8)
  2 quokka skeletons
  6 rats
317 creatures vanquished.

Vanquished Creatures (others)
  An orc wizard (D:8)
1 creature vanquished.

Grand Total: 318 creatures vanquished

Notes
Turn   | Place    | Note
-------+----------+-------------------------------------------
     0 | D:1      | Borgoz the Gargoyle Gladiator began the quest for the Orb.
     0 | D:1      | Reached XP level 1. HP: 12/12 MP: 1/1
   232 | D:1      | Reached XP level 2. HP: 16/18 MP: 2/2
   772 | D:2      | Reached XP level 3. HP: 20/22 MP: 3/3
   898 | D:2      | Found a sacrificial altar of Ru.
   994 | D:2      | Reached skill level 1 in Armour
  1191 | D:2      | Reached skill level 1 in Stealth
  1439 | D:3      | Reached XP level 4. HP: 25/27 MP: 4/4
  1447 | D:3      | Reached XP level 5. HP: 31/32 MP: 5/5
  1594 | D:3      | Found a basalt altar of Yredelemnul.
  1606 | D:3      | Found a hide-covered altar of Uskayaw.
  1888 | D:3      | Found an ornate altar of the Wu Jian Council.
  1889 | D:3      | Found a shimmering altar of Xom.
  1996 | D:4      | Found a blossoming altar of Fedhas.
  2051 | D:4      | Found a radiant altar of Vehumet.
  2133 | D:4      | Reached XP level 6. HP: 37/37 MP: 6/6
  2272 | D:4      | Noticed a phantom
  2301 | D:4      | Killed a phantom
  2642 | D:5      | Entered Level 5 of the Dungeon
  2737 | D:5      | Noticed a sky beast
  2747 | D:5      | Killed a sky beast
  2747 | D:5      | Reached XP level 7. HP: 42/42 MP: 7/7
  2989 | D:5      | Reached skill level 5 in Short Blades
  2989 | D:5      | Reached XP level 8. HP: 29/48 MP: 8/8
  3315 | D:5      | Found a shadowy altar of Dithmenos.
  3364 | D:5      | Reached skill level 5 in Dodging
  3723 | D:6      | Found a runed translucent door.
  3724 | D:6      | Noticed Crazy Yiuf
  3748 | D:6      | Found a glowing silver altar of Zin.
  3789 | D:6      | Reached skill level 5 in Fighting
  4114 | D:6      | Reached XP level 9. HP: 51/54 MP: 9/9
  4205 | D:6      | Found a staircase to the Ecumenical Temple.
  4282 | D:6      | Reached skill level 5 in Stealth
  4589 | D:6      | Killed Crazy Yiuf
  4678 | D:6      | Reached skill level 5 in Armour
  5475 | D:8      | Found a white marble altar of Elyvilon.
  5475 | D:8      | Noticed Pikel
  5532 | D:8      | Killed Pikel
  5532 | D:8      | Reached XP level 10. HP: 25/60 MP: 10/10
  5764 | D:8      | Found a burning altar of Makhleb.
  5864 | D:8      | You fall through a shaft for 3 floors!
  6205 | D:10     | Entered Level 10 of the Dungeon
  6719 | D:9      | Noticed a cyan ugly thing
  6742 | D:9      | Killed a cyan ugly thing
  7340 | D:8      | Found a snail-covered altar of Cheibriados.
  7349 | D:8      | Noticed Joseph
  7356 | D:8      | Killed Joseph
  7567 | D:9      | Reached XP level 11. HP: 67/67 MP: 11/11
  7688 | Temple   | Entered the Ecumenical Temple
  7730 | Temple   | Became a worshipper of Ashenzari the Shackled
  7888 | D:9      | Noticed Killmatronix's ghost (journeyman MfWn)
  7902 | D:9      | Found a runed translucent gate.
  7902 | D:9      | Found a runed translucent gate.
  7904 | D:9      | Found a runed translucent gate.
  7951 | D:9      | Noticed an unseen horror
  7962 | D:9      | Killed an unseen horror
  7982 | D:9      | Got the dire flail "Utoubitt" {freeze, rElec rPois Int+4}
  8072 | D:9      | Got the rapier of Atod {pierce, +Rage rC+ rN+}
  8075 | D:9      | Identified the +9 rapier of Atod {pierce, +Rage rC+ rN+}
                  | (You found it on level 9 of the Dungeon)
  8078 | D:9      | Identified the +1 dire flail "Utoubitt" {freeze, rElec
                  | rPois Int+4} (You found it on level 9 of the Dungeon)
  8243 | D:9      | Found a staircase to the Orcish Mines.
  8606 | Orc:1    | Entered Level 1 of the Orcish Mines
  8821 | Orc:1    | Noticed an orc knight
  8854 | D:9      | Killed an orc knight
  9053 | Orc:1    | Learned a level 1 spell: Confusing Touch
  9283 | Orc:2    | Entered Level 2 of the Orcish Mines
  9283 | Orc:2    | Found a staircase to the Elven Halls.
  9286 | Orc:2    | Found a bloodstained altar of Trog.
  9293 | Orc:2    | Found Xemuv's Antique Armour Emporium.
  9348 | Orc:2    | Found Kaucubb's Antique Armour Emporium.
  9359 | Orc:2    | Noticed an orc knight
  9750 | D:10     | Found a staircase to the Lair.
  9916 | D:9      | Killed Killmatronix's ghost
 10160 | D:3      | Found a hazy altar of Hepliaklqana.
 10469 | D:10     | Reached XP level 12. HP: 64/74 MP: 12/12
 10475 | D:10     | Found Iweffabu's Changing Room.
 10566 | D:10     | Noticed a two-headed ogre
 10573 | D:10     | Killed a two-headed ogre
 10582 | D:10     | Reached skill level 1 in Hexes
 10586 | D:10     | Slain by a freezing wraith

Skill      XL: |  1  2  3  4  5  6  7  8  9 10 11 12 |
---------------+-------------------------------------+-----
Short Blades   | 3 4 5 6 7 8 9 |  9.9
Armour         | 1 2 3 4 5 6 7 |  7.9
Stealth        | 1 2 3 4 5 7 8 |  8.7
Dodging        | 3 4 5 6 7 9 |  9.1
Fighting       | 3 4 5 6 7 8 |  8.3
Hexes          | 1 |  1.0
Throwing       | |  1.7
Spellcasting   | |  0.9
Evocations     | |  0.9

Action                   |  1- 3 |  4- 6 |  7- 9 | 10-12 || total
-------------------------+-------+-------+-------+-------++-------
Melee: Rapier            |   111 |    68 |       |   280 ||   459
       Short sword       |       |    86 |   411 |   380 ||   877
Throw: Throwing net      |       |       |       |     4 ||     4
Invok: Curse Item        |       |       |       |     1 ||     1
 Abil: Evoke Berserk Rag |       |       |       |     3 ||     3
  Use: Potion            |       |       |     2 |     1 ||     3
       Scroll            |       |       |       |     7 ||     7
 Stab: Sleeping          |       |       |     9 |    22 ||    31
  Eat: Chunk             |     2 |     3 |    10 |    20 ||    35
Armor: Leather armour    |    47 |    68 |   178 |   112 ||   405
       Scale mail        |       |       |       |   147 ||   147
Dodge: Dodged            |    55 |   124 |   319 |   432 ||   930
